AoeStats
← tonyascecas

Arabia

510242213Analyzed
1v1 RM · 2d ago on Sep 30, 2026· 22m 53s· 2 players
Game mode
Random Map
Map size
Tiny (2 player)
Population
200
Speed
Normal
Resources
Standard
Victory
Conquest
Starting age
Dark Age
Ending age
Imperial Age
RankedLock teamsTeams togetherTeam positionsShared explorationLock speedFull tech treeHidden civsTurbo modeCheats
Victory
Defeat
🇨🇴 Romans · Colombia
1313
+21
🇵🇪 Saxons · Peru
1316
-16
TALADROS
6:45 Loom
9:01 Feudal Age
9:20 Man-at-Arms
10:04 Double-Bit Axe
10:46 Scale Mail Armor
13:45 Horse Collar
15:07 Padded Archer Armor
21:34 Castle Age
20:10 Forging
21:42 Long Swordsman
22:39 Chain Mail Armor
23:23 Iron Casting
tonyascecas
7:02 Loom
9:18 Feudal Age
9:33 Man-at-Arms
18:24 Double-Bit Axe
18:21 Horse Collar
Connection lost

Rejoining the realm…

Still unreachable

The connection could not be restored.

Session expired

The server has moved on; the page needs a fresh start.